 Dungeon Crawl Stone Soup version 0.25.1-8-g42b30a86e7 (webtiles) character file.

Game seed: 6659755277754534419

35 Twinkles the Shooter (level 3, -2/30 HPs)
             Began as a Centaur Hunter on Dec 9, 2020.
             Slain by a gnoll
             ... wielding a +0 hand axe
              (6 damage)
             ... on level 2 of the Dungeon.
             The game lasted 00:05:12 (1340 turns).

Twinkles the Shooter (Centaur Hunter)               Turns: 1340, Time: 00:05:13

Health: -2/30      AC:  4    Str: 15    XL:     3   Next: 17%
Magic:  3/3        EV:  9    Int: 10    God:
Gold:   83         SH:  0    Dex:  9    Spells: 2/2 levels left

rFire    . . .     SeeInvis .   a - +1 shortbow
rCold    . . .     Gourm    .   (shield currently unavailable)
rNeg     . . .     Faith    .   c - +0 leather armour
rPois    .         Spirit   .   (no helmet)
rElec    .         Reflect  .   (no cloak)
rCorr    .         Harm     .   (no gloves)
MR       .....                  (no barding)
Stlth    +.........             (no amulet)
HPRegen  0.10/turn              (no ring)
MPRegen  0.08/turn              (no ring)

@: very quick
A: large, hooves 3, deformed body, speed 2, tough skin 3
a: no special abilities


You were on level 2 of the Dungeon.
You were hungry.

You visited 1 branch of the dungeon, and saw 2 of its levels.

You collected 83 gold pieces.

Inventory:

Hand Weapons
 a - a +1 shortbow (weapon)
 b - a +0 short sword
 k - a +5 mace
Missiles
 d - 12 arrows (quivered)
 e - 8 poisoned darts
 g - 10 stones
Armour
 c - a +0 leather armour (worn)
 m - a +0 buckler
Scrolls
 h - 2 scrolls of identify {unknown}
 l - a scroll of teleportation {unknown}
Potions
 i - a potion of curing {unknown}
 j - 2 potions of berserk rage {unknown}
Comestibles
 f - 3 rations


   Skills:
 + Level 2.6 Fighting
 * Level 6.3 Bows
 - Level 1.3 Dodging
 - Level 0.4 Stealth


You had 2 spell levels left.
You didn't know any spells.
Your spell library was empty.

Dungeon Overview and Level Annotations

Branches:
Dungeon (2/15)

Altars:


Innate Abilities, Weirdness & Mutations

You have hooves in place of feet.
Armour fits poorly on your strangely shaped body.
You cover ground very quickly.
You have extremely tough skin. (AC +3)


Message History

Your experience leads to an increase in your attributes!
Increase (S)trength, (I)ntelligence, or (D)exterity?
You feel stronger. The jackal bites you.
The jackal bites you but does no damage.
The jackal closely misses you. The jackal bites you. The jackal bites you.
The jackal bites you but does no damage. x2
The jackal bites you.
* * * LOW HITPOINT WARNING * * *
The jackal barely misses you.
You climb downwards.
The gnoll barely misses you.
A gnoll comes into view. It is wielding a +0 club.
The gnoll hits you with a +0 hand axe.
* * * LOW HITPOINT WARNING * * *
There is a stone staircase leading up, spattered with blood here.
The gnoll shouts!
The jackal barely misses you. x2; The jackal completely misses you.
The gnoll hits you with a +0 hand axe.
You die...

..##.#.#
####..##
#.#..#..
#......#
##....#.#
#.####.....
...#.#.# #.#
##. #.#.#.#
##g#
##...#.###..##
#........(...#
#......h.g...#
#......h@....#
#........h...#
####.........#
#.........#
#.........#
#.........#
#.........#
###########


You could see 2 gnolls and 3 jackals.

Vanquished Creatures
  A gnoll (D:1)
  An adder (D:2)
  2 leopard geckos (D:1)
  A hobgoblin (D:1)
  A jackal (D:1)
  2 kobolds (D:1)
  2 bats
  4 frilled lizards
  2 rats (D:1)
16 creatures vanquished.

Notes
Turn   | Place    | Note
-------+----------+-------------------------------------------
     0 | D:1      | Twinkles the Centaur Hunter began the quest for the Orb.
     0 | D:1      | Reached XP level 1. HP: 17/17 MP: 1/1
   456 | D:1      | Reached XP level 2. HP: 24/24 MP: 2/2
  1076 | D:2      | Reached skill level 6 in Bows
  1337 | D:1      | Reached XP level 3. HP: 13/30 MP: 3/3
  1338 | D:1      | HP: 9/30 [jackal (1)]
  1339 | D:2      | HP: 4/30 [gnoll/+0 hand axe (6)]
  1340 | D:2      | Slain by a gnoll

Illustrated notes

Levels and vault maps discovered:
D:1:      dpeg_arrival_rhombus, layout_basic
D:2:      layout_rooms, first_ration, uniq_sigmund

Skill      XL: |  1  2 |
---------------+-------+-----
Bows           | 6 |  6.3
Fighting       | |  2.6
Dodging        | |  1.3
Stealth        | |  0.4

Action                   || total
-------------------------++-------
Melee: Short sword       ||    50
       Kick              ||     5
 Fire: Shortbow          ||    12
Throw: Stone             ||     5
       Dart              ||     2
Armor: Leather armour    ||    49
Dodge: Dodged            ||    61
